 Dungeon Crawl Stone Soup version 0.27.1-4-g1640c2035a (webtiles) character file.

Game seed: 17876028550838625830

70 zeram the Sneak (level 4, -9/27 HPs)
             Began as an Octopode Enchanter on Nov 15, 2021.
             Killed from afar by Sigmund (12 damage)
             ... with a magic dart
             ... on level 2 of the Dungeon.
             The game lasted 00:02:05 (1350 turns).

zeram the Sneak (Octopode Enchanter)                Turns: 1350, Time: 00:02:05

Health: -9/27      AC:  1    Str:  7    XL:     4   Next: 22%
Magic:  7/7        EV: 13    Int: 18    God:
Gold:   47         SH:  0    Dex: 12    Spells: 6/7 levels left

rFire    . . .     SeeInvis .   a - +1 dagger
rCold    . . .     Faith    .   (no shield)
rNeg     . . .     Spirit   .   (helmet restricted)
rPois    .         Reflect  .   (no amulet)
rElec    .         Harm     .   (no ring)
rCorr    .         Rampage  .   (no ring)
Will     .....                  (no ring)
Stlth    ++++......             (no ring)
HPRegen  0.09/turn              (no ring)
MPRegen  0.10/turn              (no ring)
                                (no ring)
                                (no ring)

@: no status effects
A: almost no armour, amphibious, 8 rings, camouflage 1, gelatinous body 1,
(nimble swimmer 1), tentacles
a: no special abilities


You were on level 2 of the Dungeon.
You visited 1 branch of the dungeon, and saw 2 of its levels.

You collected 47 gold pieces.

Inventory:

Hand Weapons
 a - a +1 dagger (weapon)


   Skills:
 + Level 1.3 Short Blades
 + Level 2.3 Dodging
 + Level 5.6 Stealth
 - Level 2.0 Spellcasting
 + Level 3.7 Hexes


You had 6 spell levels left.
You knew the following spells:

 Your Spells              Type           Power      Damage    Failure   Level
a - Corona                Hex            16%        N/A       3%          1

Your spell library contained the following spells:

 Spells                   Type           Power      Damage    Failure   Level
 Confusing Touch          Hex            15%        N/A       12%         3
 Tukima's Dance           Hex            15%        N/A       12%         3
 Ensorcelled Hibernation  Hex/Ice        16%        N/A       13%         2
 Sandblast                Erth           2%         2d4       19%         1
 Passwall                 Tmut/Erth      0%         N/A       26%         2
 Dazzling Flash           Conj/Hex       16%        N/A       26%         3
 Lee's Rapid Deconstruct  Erth           0%         3d5*      99%         5


Dungeon Overview and Level Annotations

Branches:
Dungeon (2/15)

Altars:

Annotations:
D:2 Sigmund


Innate Abilities, Weirdness & Mutations

You cannot wear most types of armour.
You are amphibious.
You can wear up to eight rings at the same time.
Your skin changes colour to match your surroundings (Stealth+).
Your rubbery body absorbs attacks. (AC +1, EV +1)
((You are camouflaged near water. (Stealth+)))
You have tentacles for arms and can constrict up to eight enemies at once.


Message History

You hit Sigmund.
Sigmund is heavily wounded.
You constrict Sigmund, but do no damage.
Unknown command.
You hit Sigmund.
Sigmund is severely wounded.
You constrict Sigmund. Sigmund hits you with a +0 scythe.
Unknown command.
You hit Sigmund but do no damage.
Sigmund is severely wounded.
You constrict Sigmund. Sigmund casts a spell at you. The magic dart hits you!
Unknown command.
You hit Sigmund.
Sigmund is almost dead.
You constrict Sigmund.
Sigmund casts a spell.
Sigmund flickers and vanishes!
Deactivating autopickup; reactivate with Ctrl-A.
Unknown command.
Blink to where?
Press: ? - help, Dir - move target You lose your grip on something.
As you read the scroll of blinking, it crumbles to dust.
You are confused.
You bump into the rock wall.
You bump into the rock wall.
Something hits you.
* * * LOW HITPOINT WARNING * * *
You bump into the rock wall.
You feel less confused.
You hear some strange, mumbled words.
Something tries to affect you, but you resist.
A puff of flame appears from out of thin air!
The puff of flame hits you.
* * * LOW HITPOINT WARNING * * *
A magic dart appears from out of thin air!
The magic dart hits you!
You die...

....#..##.#..............#
.#####
....##.##.###...........##
(...'...................#
....###.#.###...........#
....# #...# #...........#
....# ##..# #...........#
##+## #..# #......######
...# #..#########.....#
#### #.>......@.#(#####
##########.#.# #.#.# ♣♣
#.#.# ♣♣. #.#.# ♣♣.♣♣
#{#.# ♣PP.♣ #.#.# ♣♣PPP♣
#.#.# #))..#
#.#.########..).#


There were no monsters in sight!

Vanquished Creatures
  2 gnolls (D:1)
  2 adders (D:2)
  A worm (D:2)
  4 endoplasms
  4 goblins (D:1)
  4 hobgoblins (D:2)
  2 kobolds
  A quokka (D:2)
  4 bats
  2 frilled lizards
  3 rats (D:1)
29 creatures vanquished.

Notes
Turn   | Place    | Note
-------+----------+-------------------------------------------
     0 | D:1      | zeram the Octopode Enchanter began the quest for the Orb.
     0 | D:1      | Reached XP level 1. HP: 11/11 MP: 3/3
   222 | D:1      | Reached XP level 2. HP: 17/17 MP: 5/5
   484 | D:1      | Reached skill level 5 in Stealth
   484 | D:1      | Reached XP level 3. HP: 21/21 MP: 6/6
  1273 | D:2      | Reached XP level 4. HP: 27/27 MP: 7/7
  1326 | D:2      | Noticed Sigmund
  1350 | D:2      | Killed from afar by Sigmund

Illustrated notes

Levels and vault maps discovered:
D:1:      wheals_arrival_shading, layout_loops_ring, minmay_misc_feat_alley
D:2:      layout_basic, uniq_crazy_yiuf_cottage, uniq_sigmund

Skill      XL: |  1  2 |
---------------+-------+-----
Stealth        | 5 |  5.6
Short Blades   | |  1.3
Dodging        | |  2.3
Spellcasting   | |  2.0
Hexes          | |  3.7

Action                   |  1- 3 |  4- 6 || total
-------------------------+-------+-------++-------
Melee: Dagger            |    55 |     7 ||    62
       Tentacles         |     9 |       ||     9
       Constrict         |     9 |     1 ||    10
  Use: Scroll            |       |     4 ||     4
 Stab: Sleeping          |    12 |     3 ||    15
Armor: Skin              |     4 |       ||     4
Dodge: Dodged            |    28 |       ||    28
